[Event "*** Titled Tuesday Blitz"]
[Site "Chess.com"]
[Date "2020.04.28"]
[Round "9"]
[White "kinga2008"]
[Black "Training_Day"]
[Result "0-1"]
[WhiteElo "2102"]
[BlackElo "2270"]
[TimeControl "180+1"]
[EndTime "11:47:01 PDT"]
[Termination "Training_Day won by resignation"]

1. e4 e5 2. Nf3 Nc6 3. d4 exd4 4. Bc4 Nf6 5. O-O Nxe4 6. Re1 d5 7. Bxd5 Qxd5 8.
Nc3 Qd7 9. Nxe4 Be7 10. Nc5 Qd5 11. Nb3 Bg4 12. Bf4 Bxf3 13. Qxf3 Qxf3 14. gxf3 O-O-O 15. a3 Bf6 16. Nc5 Rhe8 17. Ne4 Be5 18. Bxe5 Nxe5 19. Kg2 Re6 20. f4 Rg6+ 21. Ng3 Nc4 22. b3 Nd6 23. Kf3 Rh6 24. Kg2 c5 25. Re5 b6 26. Rae1 Rd7 27.
Nf5 Nxf5 28. Rxf5 Re6 29. Rxe6 fxe6 30. Re5 Re7 31. b4 c4 32. Re4 Rd7 33. Rxe6 d3 34. cxd3 cxd3 35. Re1 d2 36. Rd1 Kc7 37. Kf3 Kc6 38.
Ke3 Kb5 39. Rxd2 Rxd2 40. Kxd2 Ka4 41. f5 Kxa3 42. Kc3 b5 43. h4 Ka4 44. h5 h6 45.
f4 Ka3 46. f6 gxf6 47. f5 Ka4 48.
Kd4 Kxb4 49. Kd5 Ka4 50. Ke6 b4 51. Kxf6 b3 52. Kg6 b2 53. f6 b1=Q+ 54. Kxh6 Qf5 55. f7 Qxf7 56. Kg5 Qh7 57. h6 Kb5 0-1

[Event "*** Titled Tuesday Blitz"]
[Site "Chess.com"]
[Date "2020.04.28"]
[Round "9"]
[White "lupta_robin"]
[Black "Shield12"]
[Result "1/2-1/2"]
[WhiteElo "2564"]
[BlackElo "2821"]
[TimeControl "180+1"]
[EndTime "11:47:02 PDT"]
[Termination "Game drawn by repetition"]

1. e4 c5 2. b3 Nf6 3. e5 Nd5 4. Nc3 Nxc3 5. dxc3 Nc6 6. Nf3 e6 7. Bf4 h6 8. h4 b6 9. Qd2 Qc7 10. O-O-O Bb7 11. Qe3 O-O-O 12. Be2 Ne7 13. c4 Nf5 14. Qc3 Ne7 15. h5 f5 16. Nh4 Kb8 17. Bf3 Rg8 18.
a4 g5 19. hxg6 Nxg6 20. Nxg6 Rxg6 21. g3 Be7 22. Rxh6 Rxh6 23. Bxh6 Rh8 24. Bf4 Kc8 25. Kb2 Bf8 26. Bxb7+ Qxb7 27. Qe3 Bg7 28. Bg5 Qe4 29. Qxe4 fxe4 30. Bf6 Bxf6 31. exf6 Rf8 32. Re1 Rxf6 33.
Rxe4 Rxf2 34. Rg4 Kc7 35. Rg7 Rg2 36. g4 a6 37. Kc3 Kc6 38. Kd3 Kd6 39. g5 Kc6 40. g6 d5 41. cxd5+ exd5 42. Rg8 Kb7 43. c3 Rg3+ 44. Kd2 a5 45. g7 Rg1 46. Ke3 Rg4 47.
Kf3 Rg1 48. Kf4 Ka7 49. Ke5 d4 50. cxd4 cxd4 51. Kxd4 Kb7 52. Kc4 Rg2 53. Kd5 Rg1 54. Kc4 Rg2 55. Kd5 Rg1 56. Kc4 1/2-1/2

[Event "*** Titled Tuesday Blitz"]
[Site "Chess.com"]
[Date "2020.04.28"]
[Round "9"]
[White "JonahWillow"]
[Black "viditchess"]
[Result "0-1"]
[WhiteElo "2700"]
[BlackElo "2900"]
[TimeControl "180+1"]
[EndTime "11:47:03 PDT"]
[Termination "viditchess won by resignation"]

1. e4 c5 2. Nf3 d6 3. Nc3 Nc6 4. d4 cxd4 5. Nxd4 Nf6 6. g3 g6 7. Nde2 Bg7 8. Bg2 O-O 9. O-O Rb8 10. a4 a6 11. Nd5 Nd7 12. c3 b5 13. axb5 axb5 14. Nd4 Nxd4 15. cxd4 Bb7 16. Bg5 Bxd5 17. exd5 Bf6 18. Bxf6 Nxf6 19. Re1 Qd7 20. Qe2 Rfe8 21. Ra6 Kf8 22. Rea1 Rec8 23. Rc6 Qf5 24. Rac1 Re8 25.
Qf3 Qg5 26. h4 Qd2 27. Qc3 Qh6 28. Rc7 b4 29. Qe3 Qh5 30. Qf3 Qxf3 31. Bxf3 Rb5 32.
R1c4 b3 33. Rc3 Nxd5 34. Bxd5 Rxd5 35. Rxb3 Rxd4 36. Rbb7 Re4 37. Kg2 Ra8 38. Kf3 Re6 39. b3 Ra2 40. Rc8+ Kg7 41. Rcc7 Kf6 42. g4 h6 43. g5+ hxg5 44. hxg5+ Kxg5 45. Rxe7 Rf6+ 46. Kg3 Raxf2 47. Rb5+ R2f5 48. Rb4 Re6 49. Rd7 Re3+ 50. Kg2 Rd3 51. Rd8 Rf4 52. Rb5+ f5 53. Rb6 Rfd4 54. Kf2 Kf4 55. Rg8 Rd2+ 0-1

[Event "*** Titled Tuesday Blitz"]
[Site "Chess.com"]
[Date "2020.04.28"]
[Round "9"]
[White "MaxVavulin"]
[Black "TheFireChess"]
[Result "1/2-1/2"]
[WhiteElo "2601"]
[BlackElo "2457"]
[TimeControl "180+1"]
[EndTime "11:47:03 PDT"]
[Termination "Game drawn by repetition"]

1. e4 c6 2. d4 d5 3. Nc3 b5 4. a3 dxe4 5. Nxe4 Bf5 6. Ng3 Bg6 7. Nf3 Nd7 8. Nh4 e6 9. Nxg6 hxg6 10. Qf3 Rc8 11.
a4 b4 12. Ba6 Rb8 13. Qxc6 Rb6 14. Qc4 Ngf6 15. a5 Rd6 16. Bb5 Be7 17. Bf4 Rd5 18.
Bc6 Rxa5 19. O-O Rxa1 20. Rxa1 O-O 21. Rxa7 Nb6 22. Qd3 Nfd5 23. Bd2 Qb8 24. Ra1 Rc8 25. Bxd5 Nxd5 26. Nf1 Qc7 27. Rc1 Bd6 28. g3 Qb7 29.
Ne3 Nxe3 30. Bxe3 Qf3 31. Ra1 Kh7 32. Qa6 Rc6 33. Qb7 g5 34. c4 bxc3 35. bxc3 g4 36. Qb3 e5 37. d5 Rc8 38. c4 Bc5 39. Qc2+ g6 40. Bxc5 Rxc5 41. Re1 Qxd5 42. cxd5 Rxc2 43. Rxe5 Rd2 44. Kf1 Kg7 45. Ke1 Rd4 46. Ke2 Kf6 47. Re8 Rxd5 48. Rh8 Rh5 49. Rxh5 gxh5 50. Ke3 Ke5 51.
f3 f5 52. fxg4 fxg4 53. Kd3 Kd5 54. Ke3 Ke5 55. Kd3 Kd5 56. Ke3 Ke5 1/2-1/2

[Event "*** Titled Tuesday Blitz"]
[Site "Chess.com"]
[Date "2020.04.28"]
[Round "9"]
[White "NZT72"]
[Black "Jeffinho023"]
[Result "1/2-1/2"]
[WhiteElo "2405"]
[BlackElo "2545"]
[TimeControl "180+1"]
[EndTime "11:47:03 PDT"]
[Termination "Game drawn by repetition"]

1. c4 Nf6 2. g3 c5 3. Bg2 Nc6 4. Nc3 g6 5. Nf3 Bg7 6. O-O O-O 7. d4 cxd4 8. Nxd4 Qa5 9. Nb3 Qh5 10. e4 Qxd1 11.
Rxd1 d6 12. c5 dxc5 13. Nxc5 e5 14. Bg5 b6 15. Nb3 Be6 16. Bxf6 Bxf6 17. Nd5 Bg7 18. Rac1 Nd4 19. Nxd4 exd4 20. Nc7 Rac8 21. Nxe6 fxe6 22.
Bh3 Kf7 23. f4 Ke7 24. e5 Rxc1 25. Rxc1 Rd8 26. Rc7+ Rd7 27. Rxd7+ Kxd7 28. Kf2 Bf8 29.
Ke2 a5 30. Kf2 Bc5 31. Ke2 d3+ 32. Kxd3 Bg1 33. Ke2 h5 34. Kf1 Bd4 35. b3 g5 36.
fxg5 Bxe5 37. Kf2 Bd4+ 38. Kg2 Be3 39. g6 Ke7 40. Kf3 Bg1 41. Kg2 Bd4 42. g4 h4 43.
g5 Be3 44. Kf3 Bxg5 45. Kg4 Bf6 46. Bg2 Be5 47. h3 Kf6 48. Be4 Bg3 49. Bd3 Be1 50.
Kf3 b5 51. Kg4 b4 52. Kf3 Bc3 53. Kg4 Be1 54. Kf3 Bg3 55. Kg4 Kg7 56. Kg5 Be1 57. Bc4 e5 58. Bd3 Bg3 59. Kf5 Bf4 60. Kg4 Bg3 61.
Be4 Kf6 62. Kh5 Kg7 63. Kg5 Be1 64. Kf5 Bg3 65. Ke6 Bf4 66. Kf5 Bg3 67. Ke6 Bf4 68. Kd5 Kh6 69. Ke6 Kg7 1/2-1/2

[Event "*** Titled Tuesday Blitz"]
[Site "Chess.com"]
[Date "2020.04.28"]
[Round "9"]
[White "EddieMarsalla"]
[Black "VALPARAISO37"]
[Result "1-0"]
[WhiteElo "2521"]
[BlackElo "2353"]
[TimeControl "180+1"]
[EndTime "11:47:03 PDT"]
[Termination "EddieMarsalla won on time"]

1. d4 Nf6 2. Bg5 c5 3. e3 d5 4. c3 Nc6 5. Nf3 Qb6 6. Qb3 c4 7. Qc2 Bf5 8. Qc1 Ne4 9. Bf4 f6 10. Nbd2 e5 11. dxe5 g5 12. Bg3 Nxg3 13. hxg3 Nxe5 14.
Nxe5 fxe5 15. Nf3 Qf6 16. Qd2 O-O-O 17. b3 Ba3 18. Be2 h5 19. Kf1 h4 20. gxh4 gxh4 21. Rd1 Be4 22. Ne1 h3 23. Rxh3 Rxh3 24. gxh3 b5 25. bxc4 bxc4 26. Nc2 Bc5 27. Nb4 Rg8 28.
Bg4+ Rxg4 29. hxg4 Bf3 30. Nxd5 Qh4 31. Nb6+ axb6 32.
Qd7+ Kb8 33. Qd8+ Qxd8 34. Rxd8+ Kc7 35. Rg8 Be4 36. g5 Bd5 37. Rg7+ Kc6 38. g6 b5 39. Ke2 b4 40. cxb4 Bxb4 41. Ra7 Kb6 42. Rd7 Be6 43.
g7 c3 44. Kd3 Bxa2 45. Kc2 Kb5 46. Rd8 Ka4 47. g8=Q Bxg8 48. Rxg8 Kb5 49. Rg5 Kc4 50. Rxe5 Bf8 51. f4 Bg7 52. Rg5 Bf6 53. Rg6 Bh8 54.
Rd6 Kc5 55. Rd3 Kc4 56. e4 Bg7 57. e5 Bh8 58. e6 Bf6 59. Rd7 Kc5 60. e7 Bxe7 61.
Rxe7 Kd6 62. Re5 1-0

[Event "*** Titled Tuesday Blitz"]
[Site "Chess.com"]
[Date "2020.04.28"]
[Round "9"]
[White "Unknown_IM"]
[Black "francyIM"]
[Result "0-1"]
[WhiteElo "2514"]
[BlackElo "2709"]
[TimeControl "180+1"]
[EndTime "11:47:04 PDT"]
[Termination "francyIM won on time"]

1. Nf3 Nf6 2. c4 e6 3. g3 d5 4. Bg2 dxc4 5. O-O Nbd7 6. Qa4 a6 7. Qxc4 b5 8. Qc2 Bb7 9. b3 c5 10. Bb2 Be7 11. d3 O-O 12. Nbd2 Rc8 13. Rac1 Qb6 14. Qb1 Rfd8 15. Rc2 Nf8 16. Qa1 Ne8 17. h4 Bf6 18.
Rfc1 Bxb2 19. Qxb2 Nd7 20. Ne4 Bxe4 21. dxe4 Nd6 22.
e5 Nf5 23. g4 Ne7 24. h5 Nc6 25. h6 g6 26. Qc3 Nb4 27. Rd2 Nd5 28. Qd3 Nf8 29. Qe4 Qa5 30. Rdc2 b4 31. Ng5 Qb6 32. Qf3 Qa7 33. e4 Qe7 34. Nxf7 Nc3 35. Nd6 Rc7 36.
Rd2 Qg5 37. Rcc2 Qxh6 38. Nf5 Qg5 39. Nh6+ Kg7 40. Qf6+ Kxh6 41. Rxd8 Qxf6 42. exf6 Nd7 43. f7 Kg7 44. Rd2 Nf8 45. Ra8 Rxf7 46. Rxa6 g5 47. e5 Re7 48. a3 Ng6 49. axb4 cxb4 50. Rb6 Nxe5 51. Rxb4 Ra7 52. Rb6 Kf6 53. Kh2 Nxg4+ 54.
Kg3 Ne5 55. Bh3 Ne4+ 56. Kg2 g4 0-1

[Event "*** Titled Tuesday Blitz"]
[Site "Chess.com"]
[Date "2020.04.28"]
[Round "9"]
[White "Keks2017"]
[Black "aNaartjieZA"]
[Result "1/2-1/2"]
[WhiteElo "2443"]
[BlackElo "2594"]
[TimeControl "180+1"]
[EndTime "11:47:04 PDT"]
[Termination "Game drawn by agreement"]

1. e4 e6 2. d3 d5 3. Nd2 Nf6 4.
Ngf3 Nc6 5. c3 a5 6. Be2 dxe4 7.
dxe4 Bc5 8. O-O O-O 9. Qc2 e5 10. Nc4 Qe7 11. a4 b6 12. Ne3 Be6 13. Bb5 Bd7 14.
Nf5 Bxf5 15. Bxc6 Bg4 16. Bxa8 Bxf3 17. gxf3 Rxa8 18. Be3 Bd6 19. Kh1 Nh5 20. Rg1 Qf6 21. Qe2 g6 22. Rad1 Qe6 23. Qf1 Rb8 24. Rd5 Qe8 25. b3 Bf8 26. c4 Qe7 27. Bg5 Qe6 28.
Rd8 Rxd8 29. Bxd8 Bd6 30. Bg5 Kg7 31. Be3 Qf6 32. Qe2 Nf4 33. Bxf4 Qxf4 34. Qe3 Qf6 35. Rg3 h5 36. Qg5 Qxg5 37. Rxg5 Kf6 38. Rg1 Ke6 39.
Kg2 Kd7 40. Rd1 Ke6 41. Rd5 f6 42. Kg3 Be7 43. Kg2 Bd6 44. Kf1 Ke7 45. Ke2 Bc5 46.
Rd1 Bd4 47. Rg1 Kf7 48. Rf1 c5 49. Rd1 g5 50. h3 h4 51. Rg1 Kg6 52. Rd1 f5 53. exf5+ Kxf5 54. Rg1 Bc3 55. Rg4 Bd4 56. Re4 Bc3 57. Rg4 Bd4 58. Re4 Bc3 1/2-1/2

[Event "*** Titled Tuesday Blitz"]
[Site "Chess.com"]
[Date "2020.04.28"]
[Round "9"]
[White "2L8IWUN"]
[Black "Two_Towers_Krakow"]
[Result "1-0"]
[WhiteElo "2695"]
[BlackElo "2473"]
[TimeControl "180+1"]
[EndTime "11:47:04 PDT"]
[Termination "2L8IWUN won on time"]

1. d4 Nf6 2. Nf3 g6 3. g3 Bg7 4. Bg2 O-O 5. O-O c6 6. c4 d6 7. b3 a5 8. Nc3 Bf5 9. Bb2 Ne4 10. Nh4 Nxc3 11. Bxc3 Be6 12. e4 c5 13. f4 Nc6 14.
f5 cxd4 15. Bb2 Bd7 16. g4 e6 17. Nf3 exf5 18. exf5 Re8 19. Nxd4 Qb6 20. f6 Bh6 21. Kh1 Nxd4 22. Bxd4 Qc7 23. h4 Bc6 24.
g5 Bf8 25. Qg4 Bxg2+ 26. Qxg2 Re6 27. h5 gxh5 28. Rf3 Rae8 29. Raf1 Re4 30. Bf2 d5 31.
cxd5 Qd7 32. Rh3 Qxd5 33. Rxh5 Qd2 34. Qh3 h6 35. Rxh6 Bxh6 36. Qxh6 Rh4+ 37. Bxh4 Qd5+ 38. Kg1 Qc5+ 39. Bf2 Qf8 40. Qxf8+ Kxf8 41. Bc5+ Kg8 42.
Kf2 Re5 43. Be3 Rf5+ 44. Ke2 Re5 45. Rc1 Kh7 46. Rc8 Kg6 47. Rg8+ Kf5 48. Rg7 Ke6 49. Rg8 Rd5 50. g6 Kxf6 51. g7 Re5 52. Kd3 Rd5+ 53. Bd4+ Kg6 54. Rh8 1-0

[Event "*** Titled Tuesday Blitz"]
[Site "Chess.com"]
[Date "2020.04.28"]
[Round "9"]
[White "Trankuilizer"]
[Black "Semen_Khanin"]
[Result "0-1"]
[WhiteElo "2516"]
[BlackElo "2714"]
[TimeControl "180+1"]
[EndTime "11:47:05 PDT"]
[Termination "Semen_Khanin won on time"]

1. e4 e5 2. Nf3 Nc6 3. Bc4 Bc5 4. c3 Nf6 5. d3 d6 6. Nbd2 a6 7. Bb3 h6 8. h3 Bd7 9. Nc4 Qe7 10. Ne3 O-O-O 11.
Nd5 Nxd5 12. Bxd5 f5 13. b4 Bb6 14. a4 a5 15. b5 Nb8 16. Be3 Bxe3 17. fxe3 Rhf8 18.
O-O g5 19. Nd2 f4 20. Nc4 b6 21. d4 g4 22. dxe5 dxe5 23. exf4 exf4 24. hxg4 Qg5 25.
Qd4 Bxg4 26. Qe5 Nd7 27. Qxg5 hxg5 28. Bc6 Be2 29. Bxd7+ Rxd7 30. Ne5 Re7 31. Ng6 Bxf1 32. Rxf1 Rfe8 33. Nxe7+ Rxe7 34. Re1 Re5 35. Kf2 Rc5 36. Rc1 Kd7 37. Kf3 Ke6 38. Kg4 Ke5 39. Kxg5 Kxe4+ 40. Kg4 Rc4 41. Rf1 Ke5 42. Re1+ Kd5 43. Rd1+ Kc5 44. Rd4 Rxd4 45. cxd4+ Kb4 46. Kxf4 Kxa4 47. g4 Kxb5 48.
g5 a4 49. g6 a3 50. g7 a2 51.
g8=Q a1=Q 52. Qd5+ Kb4 53. Kf5 Qf1+ 54. Kg6 Qd3+ 0-1

[Event "*** Titled Tuesday Blitz"]
[Site "Chess.com"]
[Date "2020.04.28"]
[Round "9"]
[White "chenxiaoyuer"]
[Black "Lion-Al-Messi"]
[Result "1/2-1/2"]
[WhiteElo "2176"]
[BlackElo "2435"]
[TimeControl "180+1"]
[EndTime "11:47:05 PDT"]
[Termination "Game drawn by agreement"]

1. e4 b6 2. d4 Bb7 3. Bd3 e6 4. Nf3 c5 5. c3 Nf6 6. Nbd2 cxd4 7. cxd4 d6 8. O-O Be7 9. Re1 O-O 10. b3 Nbd7 11.
Bb2 Re8 12. h3 Nf8 13. Qe2 Ng6 14. g3 Rc8 15. Rac1 Rxc1 16. Rxc1 Qa8 17. Ba3 Bf8 18. Ne1 d5 19. Bxf8 dxe4 20. Nxe4 Nxe4 21. Bxe4 Bxe4 22.
Ba3 Bd5 23. Rc7 Rc8 24. Qc2 Rxc7 25. Qxc7 h5 26. h4 Qb7 27. Qxb7 Bxb7 28. Nd3 f6 29. Bd6 Kf7 30. Nf4 Nxf4 31. Bxf4 Bf3 32. Kf1 Kg6 33. Ke1 Kf5 34. Kd2 Ke4 35. Be3 Bg4 36. Kc3 Kf3 37. Kd2 Bf5 38. a3 Be4 39. b4 a6 40.
d5 Bxd5 41. Bxb6 g5 42. Bd8 gxh4 43. gxh4 f5 44. Ke1 Kg2 45. f4 Kf3 46. Bg5 Ke3 47. a4 Bc6 48. b5 axb5 49. axb5 Bxb5 50. Bh6 Kf3 51. Bg5 Kg3 52. Kd2 e5 53. fxe5 f4 54. Ke1 f3 55. Be3 Kxh4 56. Kf2 Kg4 57. e6 h4 58. Bb6 1/2-1/2

[Event "*** Titled Tuesday Blitz"]
[Site "Chess.com"]
[Date "2020.04.28"]
[Round "9"]
[White "kushagramohan"]
[Black "thedjoker98"]
[Result "0-1"]
[WhiteElo "2672"]
[BlackElo "2529"]
[TimeControl "180+1"]
[EndTime "11:47:07 PDT"]
[Termination "thedjoker98 won by resignation"]

1. e4 e5 2. Nf3 Nc6 3. Bb5 g6 4.
O-O Bg7 5. c3 d6 6. d4 Bd7 7. d5 Nce7 8. Bxd7+ Qxd7 9. c4 h6 10.
Nc3 f5 11. Re1 Nf6 12. exf5 gxf5 13. c5 O-O 14. Qb3 Kh7 15. Qxb7 Rfb8 16. Qa6 Nexd5 17. Nxd5 Nxd5 18. cxd6 cxd6 19. Rd1 Nb4 20. Qe2 Qc6 21. Be3 d5 22. a3 Qc2 23. Rd2 Qa4 24. Nh4 Nc2 25.
Rxc2 Qxh4 26. g3 Qf6 27. Rac1 d4 28. Bd2 Rd8 29. Rc6 Rd6 30. Rxd6 Qxd6 31. Bb4 Qd5 32. Rc5 Qd7 33. f3 Re8 34. Qc4 Qe6 35. Qc2 e4 36. fxe4 fxe4 37. Rc7 Kg8 38. Rc6 Qf5 39. Qc4+ Qf7 40. Qe2 d3 41. Qe3 Qd5 42. Rc5 Qd4 43. Bd2 Qxb2 44. Kg2 Bd4 45. Qxh6 Bxc5 46. Qg6+ Kf8 47.
Qh6+ Qg7 48. Qf4+ Qf7 49. Qh6+ Ke7 50. Qg5+ Kd7 51. Qxc5 Qf3+ 52. Kg1 Qd1+ 53. Kg2 Qxd2+ 54. Kh3 Rh8+ 55. Kg4 Qe2+ 56. Kf4 Qf3+ 57. Ke5 Rh5+ 0-1

[Event "*** Titled Tuesday Blitz"]
[Site "Chess.com"]
[Date "2020.04.28"]
[Round "9"]
[White "grunbergmihai"]
[Black "eldur16"]
[Result "1/2-1/2"]
[WhiteElo "2417"]
[BlackElo "2568"]
[TimeControl "180+1"]
[EndTime "11:47:07 PDT"]
[Termination "Game drawn by agreement"]

1. Nf3 Nf6 2. c4 g6 3. g3 Bg7 4. Bg2 O-O 5. O-O d5 6. cxd5 Nxd5 7. d4 Nb6 8. Nc3 Nc6 9. e3 Re8 10. Re1 a5 11. d5 Nb4 12. e4 c6 13. a3 Na6 14. dxc6 Qxd1 15. Rxd1 bxc6 16. Nd4 Bd7 17. Bf1 e5 18. Nb3 Bg4 19. Be2 Bxe2 20. Nxe2 a4 21.
Na5 Nc5 22. Nxc6 Nxe4 23. Nb4 Rac8 24. f3 Nc5 25. Be3 Nc4 26. Bxc5 Rxc5 27. Rac1 Rcc8 28. Rc2 e4 29. fxe4 Nxb2 30. Rxc8 Rxc8 31. Rd7 Nc4 32. Ra7 Nxa3 33. Rxa4 Nb5 34. Nd5 Rc2 35. Ra8+ Bf8 36. Kf1 Nd6 37. e5 Nf5 38. g4 Nh4 39. h3 Kg7 40. Nf6 Nf3 41. Ne8+ Kh6 42. Nd6 Bxd6 43.
exd6 Rd2 44. Rd8 Kg7 45. Ng3 Nd4 46. Ne4 Rd1+ 47. Kf2 f5 48. Ng5 h6 49. Nf3 Nxf3 50.
Kxf3 Kf6 51. gxf5 gxf5 52. d7 Ke7 53. Rh8 Rxd7 54. Rxh6 Rd4 1/2-1/2

[Event "*** Titled Tuesday Blitz"]
[Site "Chess.com"]
[Date "2020.04.28"]
[Round "9"]
[White "silverback96"]
[Black "MariaFominykh"]
[Result "0-1"]
[WhiteElo "2129"]
[BlackElo "2390"]
[TimeControl "180+1"]
[EndTime "11:47:07 PDT"]
[Termination "MariaFominykh won by checkmate"]

1. e4 d6 2. d4 Nf6 3. Nc3 e5 4. Nf3 Nbd7 5. Bc4 Be7 6. O-O O-O 7. h3 c6 8. a4 b6 9. Be3 a6 10. Qd2 Rb8 11. Bd3 b5 12. axb5 axb5 13. Ne2 Re8 14. Ng3 g6 15. Ra7 Bf8 16. Rfa1 Bb7 17. Bf1 exd4 18. Qxd4 c5 19. Qd2 Nxe4 20. Nxe4 Bxe4 21.
Bg5 f6 22. Bf4 Ne5 23. Be2 Re7 24. Be3 Rxa7 25. Rxa7 Qb6 26. Ra3 Nxf3+ 27. Bxf3 Bxf3 28. gxf3 Qb7 29. Kg2 Ra8 30. Rxa8 Qxa8 31. Bh6 Bxh6 32. Qxh6 Qd5 33. Qe3 Qg5+ 34. Qxg5 fxg5 35. Kg3 Kf7 36. Kg4 h6 37. f4 gxf4 38. Kxf4 Ke6 39. Ke4 d5+ 40. Ke3 Ke5 41. c3 d4+ 42. cxd4+ cxd4+ 43. Kd3 Kd5 44. h4 g5 45. h5 Ke5 46. f3 Kf4 47. Kxd4 Kxf3 48. Ke5 g4 49. Kf6 g3 50. Kg6 g2 51.
Kxh6 g1=Q 52. Kh7 Kf4 53. h6 Kf5 54. Kh8 Kf6 55. b4 Kf7 56. Kh7 Qg8# 0-1

[Event "*** Titled Tuesday Blitz"]
[Site "Chess.com"]
[Date "2020.04.28"]
[Round "9"]
[White "mbachez"]
[Black "Murad_Ibrahimli"]
[Result "0-1"]
[WhiteElo "2495"]
[BlackElo "2738"]
[TimeControl "180+1"]
[EndTime "11:47:08 PDT"]
[Termination "Murad_Ibrahimli won on time"]

1. e4 c5 2. Nf3 d6 3. Bc4 Nc6 4. c3 Nf6 5. Qe2 e6 6. Bb3 Be7 7. O-O O-O 8. d4 cxd4 9. cxd4 Re8 10. Nc3 a6 11. e5 dxe5 12. dxe5 Nd7 13. Bf4 Nf8 14.
Rfd1 Qb6 15. Ne4 Ng6 16. Be3 Qc7 17. Nd6 Rd8 18. Nc4 Rxd1+ 19. Rxd1 b5 20. Nb6 Rb8 21. Nxc8 Rxc8 22. Rc1 Qd7 23. Rd1 Qe8 24. Bb6 Bd8 25.
Bc5 Ncxe5 26. Nxe5 Rxc5 27. Nxf7 Kxf7 28. Rxd8 Rc1+ 29.
Rd1 Rxd1+ 30. Qxd1 Qc6 31. h3 a5 32. a4 bxa4 33. Bxa4 Qb7 34. b3 Ne7 35. Qd2 Qb4 36. Qd7 Qe1+ 37. Kh2 Qe5+ 38. Kg1 Qe1+ 39. Kh2 Qe5+ 40. g3 Qc5 41. Qe8+ Kf6 42. Qf8+ Kg6 43. Be8+ Kh6 44. Qf4+ Qg5 45. Qd4 g6 46. f4 Qf5 47.
g4 Qc2+ 48. Kg3 Qxb3+ 49. Kh4 Nf5+ 50. gxf5 exf5 51. Qf6 Qb4 52. Qg5+ Kg7 53. Bc6 Qe1+ 54. Qg3 Qe7+ 0-1

[Event "*** Titled Tuesday Blitz"]
[Site "Chess.com"]
[Date "2020.04.28"]
[Round "9"]
[White "2nd_life"]
[Black "verdest"]
[Result "0-1"]
[WhiteElo "2420"]
[BlackElo "2580"]
[TimeControl "180+1"]
[EndTime "11:47:08 PDT"]
[Termination "verdest won by resignation"]

1. e4 c5 2. Nf3 Nc6 3. Bb5 d6 4. c3 Nf6 5. e5 dxe5 6. Nxe5 Bd7 7. Bxc6 bxc6 8. O-O g6 9. Qf3 Rc8 10. Nxd7 Qxd7 11.
Na3 Bg7 12. Nc4 O-O 13. b3 Qd5 14. Qe2 e6 15. Ne3 Qd7 16. Ba3 Rfd8 17. Bxc5 Ne4 18. Bb4 Qxd2 19. Qxd2 Rxd2 20. Nc4 Rdd8 21. Rac1 c5 22. Ba5 Rd3 23. Rfd1 Rxd1+ 24. Rxd1 Bxc3 25. Rd7 Bxa5 26. Nxa5 a6 27. f3 Nc3 28. a4 Rb8 29. Rd6 Ne2+ 30. Kf2 Nd4 31. Rxa6 Nxb3 32. Nc6 Rb7 33. a5 c4 34. Rb6 Nxa5 35. Rxb7 Nxb7 36.
Ke3 Nd6 37. Kd4 Kg7 38. Kc5 Nf5 39. Kxc4 Ne3+ 40. Kd4 Nxg2 41. Ke4 Nh4 42. Ne5 Nf5 43. Nd7 f6 44. Kf4 Kf7 45. Ke4 Ke7 46. Nc5 Nd6+ 47.
Kf4 e5+ 48. Kg4 Nf5 49. Ne4 Nd4 50. Kg3 f5 51. Nc5 Kd6 52. Nb7+ Kd5 53. Nd8 Ne6 54. Nf7 e4 55. fxe4+ Kxe4 56. h4 Ke3 0-1

[Event "*** Titled Tuesday Blitz"]
[Site "Chess.com"]
[Date "2020.04.28"]
[Round "9"]
[White "Sweafty"]
[Black "Quattroporte300"]
[Result "1-0"]
[WhiteElo "2455"]
[BlackElo "2298"]
[TimeControl "180+1"]
[EndTime "11:47:09 PDT"]
[Termination "Sweafty won by resignation"]

1. Nf3 Nf6 2. c4 e6 3. g3 d5 4. Bg2 dxc4 5. O-O c5 6. Qa4+ Nbd7 7. Qxc4 a6 8. d3 b5 9. Qc2 Bb7 10. a4 Bd6 11. Nc3 b4 12. Nb1 O-O 13. b3 Rc8 14. Bb2 Bd5 15. Nbd2 Bb7 16. Rac1 Qe7 17. Nc4 Bb8 18.
Na5 Ba8 19. Ne1 Bxg2 20. Nxg2 Nb6 21. Nc4 Nbd5 22. Rfd1 h6 23. e4 Nc3 24. Bxc3 bxc3 25.
Qxc3 Rfd8 26. Nge3 Qc7 27. Qc2 Qb7 28. Rb1 Rd4 29.
Qe2 Rcd8 30. Nc2 R4d7 31. N2e3 Rd4 32. Na3 Rb4 33. Nac4 Bc7 34. Qc2 Qc6 35. Qc3 Rbb8 36. Nc2 Rbc8 37. f3 Bb8 38. Kg2 Qb7 39. Qd2 Qc7 40. Qe2 Qb7 41. b4 cxb4 42. Nxb4 Qc7 43. Nxa6 Qc6 44. Nxb8 Rxb8 45. Qc2 Rxb1 46. Rxb1 Ra8 47.
Ra1 Nd7 48. a5 Ra6 49. Qb3 Nc5 50. Qb8+ Kh7 51. Qd8 Nb7 52. Qd4 Nc5 53. Ra3 Ra7 54. Ne5 Qc7 55. Nc4 Ra6 56. Rc3 Ra7 57. Ne5 Qxa5 58.
Qxc5 1-0

[Event "*** Titled Tuesday Blitz"]
[Site "Chess.com"]
[Date "2020.04.28"]
[Round "9"]
[White "csati17"]
[Black "Batsai"]
[Result "1-0"]
[WhiteElo "2463"]
[BlackElo "2264"]
[TimeControl "180+1"]
[EndTime "11:47:11 PDT"]
[Termination "csati17 won by checkmate"]

1. c4 Nf6 2. Nc3 e6 3. e4 e5 4. Nf3 Nc6 5. d4 exd4 6. Nxd4 Bb4 7. Nxc6 bxc6 8. e5 Ne4 9. Qd4 Nxc3 10. bxc3 Be7 11.
Bd3 O-O 12. O-O d5 13. Rd1 Be6 14. Be3 Qc8 15. cxd5 cxd5 16. Qf4 c5 17. Qg3 Re8 18. f4 Rd8 19. Qf3 Bg4 20. Qg3 Bxd1 21. Rxd1 d4 22. cxd4 cxd4 23. Bf2 g6 24. f5 Bf8 25. e6 fxe6 26. fxg6 h6 27. Qh3 Bg7 28. Re1 Re8 29. Bg3 Qd7 30. Be5 Rad8 31. Qh5 Qd5 32. g3 Rf8 33. Qe2 Rb8 34. Bxg7 Kxg7 35. Rc1 Rbc8 36. Rb1 Qd6 37. Rb7+ Rc7 38. Rb1 Rc6 39. Re1 Rc7 40. Qe4 e5 41. Rb1 Qf6 42. Kg2 Qf2+ 43. Kh3 Qf6 44. Rf1 h5 45. Rxf6 Rxf6 46. Qxe5 Rd7 47. g4 hxg4+ 48. Kxg4 Rd6 49. h4 Re6 50.
Qxd4 Rd6 51. Qxa7+ Kg8 52. Bc4+ Kf8 53. g7+ Ke8 54.
g8=Q+ Rf8 55. Bf7+ Kd8 56. Qxf8# 1-0

[Event "*** Titled Tuesday Blitz"]
[Site "Chess.com"]
[Date "2020.04.28"]
[Round "9"]
[White "SirStrateg"]
[Black "pedromartinez91"]
[Result "1-0"]
[WhiteElo "2602"]
[BlackElo "2427"]
[TimeControl "180+1"]
[EndTime "11:47:12 PDT"]
[Termination "SirStrateg won by checkmate"]

1. d4 Nf6 2. Nf3 d6 3. Bf4 Nbd7 4. e3 g6 5. h3 Bg7 6. c4 O-O 7. Nc3 Re8 8. Be2 e5 9. dxe5 Nxe5 10. Nxe5 dxe5 11. Qxd8 Rxd8 12. Bxe5 b6 13. Bf3 Be6 14. Bxc7 Bxc4 15. Bxd8 Rxd8 16. Rd1 Re8 17. Be2 Be6 18. O-O Nh5 19. Rd2 Bf6 20. Ba6 Ng7 21. Ne4 Be7 22.
b3 Nf5 23. Bb5 Rc8 24. Bd7 Rc7 25. Bxe6 fxe6 26. Rfd1 Kf8 27. Rd7 Rc2 28. Rxa7 h5 29. g3 g5 30. Rd2 Rc1+ 31. Kg2 g4 32. hxg4 hxg4 33. Rb7 Rc6 34. a4 Ke8 35. Kf1 Kf8 36.
Ke2 Ke8 37. Kd1 Kf8 38. Rc2 Bc5 39. b4 Nd6 40. Rb8+ Kf7 41. Nxc5 bxc5 42. Rxc5 Ra6 43. a5 Ne4 44. Rb7+ Kf6 45. Rc2 Ng5 46. Rb6 Ra8 47. a6 Nf3 48. Kc1 Ne5 49. b5 Nd3+ 50. Kb1 Nb4 51.
Rc4 Nd5 52. Rb7 Ke5 53. a7 Rh8 54. Rb8 Rh1+ 55. Kb2 Rh2 56. Rc2 Nb4 57. a8=Q Nd3+ 58. Kc3 Nxf2 59. Rxf2 Rxf2 60. Rf8 Rf3 61. Rxf3 gxf3 62.
Qxf3 Kd6 63. b6 Ke5 64. b7 Kd6 65. b8=Q+ Kc5 66. Qc7+ Kb5 67. Qfc6# 1-0

[Event "*** Titled Tuesday Blitz"]
[Site "Chess.com"]
[Date "2020.04.28"]
[Round "9"]
[White "PavelChernomordik"]
[Black "Teidi96"]
[Result "1-0"]
[WhiteElo "2400"]
[BlackElo "2252"]
[TimeControl "180+1"]
[EndTime "11:47:12 PDT"]
[Termination "PavelChernomordik won on time"]

1. e4 e5 2. Nf3 Nc6 3. Bb5 a6 4.
Ba4 Nf6 5. Qe2 b5 6. Bb3 Be7 7. a4 b4 8. a5 O-O 9. d3 d6 10. h3 Nb8 11. Bg5 c5 12. Nbd2 Re8 13. Nc4 Be6 14. Nb6 Ra7 15. Bxf6 Bxf6 16. Bd5 Qc7 17.
Nd2 Nc6 18. Nbc4 Bxd5 19. exd5 Nd4 20. Qd1 Rd8 21. c3 bxc3 22. bxc3 Nb5 23. Rc1 Qb7 24. Qf3 Nc7 25. Nb6 Ne8 26. Ne4 Be7 27. O-O Qc7 28.
Rb1 Nf6 29. Nxf6+ Bxf6 30. Nc4 Rb8 31. Rb6 Be7 32. Rfb1 Rab7 33. Qd1 Rxb6 34. axb6 Qd7 35. Ra1 Qb5 36. Rb1 Qd7 37. Qb3 Qb7 38. Qa4 Qxd5 39. Rd1 Qb7 40. Ra1 Ra8 41. Rb1 f6 42. Na5 Qd5 43. b7 Rb8 44. Nc6 Qxd3 45. Qb3+ c4 46.
Qb2 Rxb7 47. Qxb7 Bf8 48. Rf1 g6 49. Qd7 d5 50. Nd8 Qf5 51. Qf7+ 1-0